 Dungeon Crawl Stone Soup version 0.28.0-53-g5a82cb258f (webtiles) character file.

Game seed: 10705965202067827382

144 QueenKong the Skirmisher (level 5, 0/55 HPs)
             Began as an Ogre Fighter on June 11, 2022.
             Was a Plaything of Xom.
             Frozen to death by an endoplasm (2 damage)
             ... on level 2 of the Dungeon.
             The game lasted 00:10:31 (2858 turns).

QueenKong the Skirmisher (Ogre Fighter)             Turns: 2858, Time: 00:10:32

Health: 0/55       AC:  3    Str: 21 (22) XL:     5   Next: 27%
Magic:  14/14      EV:  8    Int:  6 (9)  God:    Xom [..*...]
Gold:   95         SH:  7    Dex:  7 (8)  Spells: 4/4 levels left

rFire   + . .      SeeInvis .   a - +0 long sword
rCold   + . .      Faith    .   c - +0 kite shield
rNeg    . . .      Spirit   .   b - +0 robe
rPois   +          Reflect  .   (helmet restricted)
rElec   +          Harm     .   (no cloak)
rCorr   +          Rampage  .   (gloves unavailable)
Will    .....      Rage     1%  (boots unavailable)
Stlth   +.........              (no amulet)
HPRegen 0.18/turn               h - ring of magical power
MPRegen 0.14/turn               (no ring)

@: resistant, attractive
A: large, unfitting armour, tough skin 1, berserk 1
a: Renounce Religion


You were on level 2 of the Dungeon.
You worshipped Xom.
You were a toy of Xom.
You visited 1 branch of the dungeon, and saw 2 of its levels.

You collected 95 gold pieces.

Inventory:

Hand Weapons
 a - a +0 long sword (weapon)
Armour
 b - a +0 robe (worn)
 c - a +0 kite shield (worn)
Jewellery
 h - a ring of magical power (left hand)
Scrolls
 e - a scroll of teleportation
 j - a scroll of amnesia {unknown}
Potions
 d - a potion of might
 f - 2 potions of flight


   Skills:
 * Level 4.7 Fighting
 * Level 3.0 Long Blades
 * Level 0.8 Armour
 * Level 3.3 Dodging
 * Level 1.0 Stealth
 * Level 3.2 Shields


You had 4 spell levels left.
You didn't know any spells.
Your spell library was empty.

Dungeon Overview and Level Annotations

Branches:
Dungeon (2/15)

Altars:
Xom


Innate Abilities, Weirdness & Mutations

You are too large for most types of armour.
You have tough skin. (AC +1)
You tend to lose your temper in combat.


Message History

The jelly barely misses you.
The endoplasm hits the endoplasm.
The endoplasm hits you.
* * * LOW HITPOINT WARNING * * *
The endoplasm seems less confused.
You block the jelly's attack.
There is an open door here.
Things that are here:
a +0 short sword; 3 stones You hit the jelly.
Your hands burn!
* * * LOW HITPOINT WARNING * * *
The jelly is almost dead.
The jelly hits you but does no damage. The jelly hits you.
* * * LOW HITPOINT WARNING * * *
You are splashed with acid!
* * * LOW HITPOINT WARNING * * *
It was a potion of mutation.
You feel extremely strange.
You feel a little pissed off.
Xom is mildly amused.
Xom roars with laughter!
You block the jelly's attack.
The endoplasm jiggles.
There is an open door here.
There is an open gate here.
It was a potion of attraction.
You feel attractive to monsters. You block the jelly's attack.
The endoplasm is attracted toward you.
It was a potion of degeneration.
There was something very wrong with that liquid.
You feel weakened.
You feel dopey.
You feel clumsy. The endoplasm hits you.
* * * LOW HITPOINT WARNING * * *
The jelly barely misses you.
It was a potion of resistance.
You feel protected. The endoplasm freezes you.
You are frozen.
You resist.
* * * LOW HITPOINT WARNING * * *
You block the jelly's attack. The endoplasm freezes you.
You are frozen.
You resist.
You die... "It's all fun and games until someone loses an eye."

......#.......##...#......#....#
......#..##...............#....#
.........##...##......)...#....#
.........##.......#............##
.#.......##.#.....#...##.....##..
......#................+.....'...
.#.......##.#.#..###.###.....#...
##.....>.............###.....#...
##.......######.@.....########...
.#.......# #.JJJ.##.#...#....##
.#.......# #.....+............#
.#.......# #..ยง..###....#.....#
...#####.# #.....# #....#.....#
...# #.# ##'''## #.####....K#
...#####'## ##...## #.####.....#
...##.....# ##.....###.#....##..#
.####.....# #.......##.#....##..#


You could see a jelly and 2 endoplasms.

Vanquished Creatures
  A hound (D:2)
  A jelly (D:2)
  Jessica (D:2)
  A worm (D:2)
  A dart slug (D:2)
  A ball python (D:2)
  4 bats
  9 endoplasms
  3 giant cockroaches
  2 goblins (D:1)
  6 hobgoblins
  7 kobolds
  3 quokkas (D:1)
  4 frilled lizards
  7 rats
51 creatures vanquished.

Vanquished Creatures (others)
  2 fungi (D:2)
  10 toadstools (D:2)
12 creatures vanquished.

Grand Total: 63 creatures vanquished

Notes
Turn   | Place    | Note
-------+----------+-------------------------------------------
     0 | D:1      | QueenKong the Ogre Fighter began the quest for the Orb.
     0 | D:1      | Reached XP level 1. HP: 24/24 MP: 1/1
   161 | D:1      | Reached XP level 2. HP: 19/32 MP: 2/2
   420 | D:1      | Found a faded altar of an unknown god.
   427 | D:1      | Prayed at the altar of an unknown god.
   427 | D:1      | Became a worshipper of Xom the Fickle
   817 | D:1      | XOM: silly message
  1047 | D:1      | Reached XP level 3. HP: 40/40 MP: 3/3
  1121 | D:1      | XOM: silly message
  1462 | D:2      | Reached XP level 4. HP: 21/49 MP: 4/4
  2089 | D:2      | XOM: silly message
  2139 | D:2      | XOM is BORED!
  2139 | D:2      | XOM: silly message
  2146 | D:2      | XOM: silly message
  2178 | D:2      | XOM: noise
  2216 | D:2      | XOM: 8-stop teleportation journey
  2659 | D:2      | Noticed Jessica
  2664 | D:2      | Killed Jessica
  2749 | D:2      | XOM: silly message
  2811 | D:2      | Reached skill level 1 in Stealth
  2811 | D:2      | Reached XP level 5. HP: 29/55 MP: 5/5
  2824 | D:2      | XOM: confuse monster(s)
  2835 | D:2      | HP: 1/55 [acid (10)]
  2837 | D:2      | Gained mutation: You tend to lose your temper in combat.
                  | [potion of mutation]
  2858 | D:2      | HP: 2/55 [frozen (2)]
  2858 | D:2      | Frozen to death by an endoplasm

Illustrated notes

Levels and vault maps discovered:
D:1:      saegor_arrival_simple_a, layout_basic,
          dilly_ecumenical_altar_fadedgnrine
D:2:      cheibrodos_fertilizer, layout_basic, chequers_avenue, uniq_jessica

Skill      XL: |  1  2  3  4 |
---------------+-------------+-----
Long Blades    | 2 3 |  3.0
Dodging        | 3 |  3.3
Shields        | 3 |  3.2
Stealth        | 1 |  1.0
Fighting       | |  4.7
Armour         | |  0.8

Action                   |  1- 3 |  4- 6 || total
-------------------------+-------+-------++-------
Melee: Long sword        |    79 |    81 ||   160
  Use: Scroll            |     2 |     1 ||     3
       Potion            |       |     4 ||     4
 Stab: Sleeping          |       |     2 ||     2
Armor: Robe              |    36 |    29 ||    65
Dodge: Dodged            |    38 |    35 ||    73
Block: Kite shield       |    46 |    46 ||    92
